Map: Dusk Towers

Players

Robotnik - Winner!

  • Race: Zerg Zerg
  • League: Diamond

Chris (MCanning)

  • Race: Protoss Protoss
  • League: Master

VOD

Have the link to the VOD?

Description

Time

  • Played on: Nov. 13, 2015, 11:34 p.m.
  • Length: 19:02
Show
View Real Time Build Order
Export as new Build Order

Robotnik Zerg - Winner!

Build Orders: Hatch First 

Get SALT Encoding   

  12  0:01  Drone  
  13  0:12  Overlord  
  13  0:18  Drone  
  14  0:31  Drone x2  
  14  0:34  Drone  
  17  0:45  Drone  
  18  0:56  Hatchery  
  17  1:00  Drone  
  18  1:07  Drone  
  19  1:16  Spawning Pool  
  19  1:18  Drone  
  19  1:29  Overlord  
  19  1:42  Drone  
  20  1:56  Extractor  
  19  2:04  Queen  
  19  2:08  Queen  
  23  2:09  Drone  
  23  2:11  Zergling x2  
  23  2:13  Zergling x2  
  27  2:15  Drone  
  27  2:16  Hatchery  
  26  2:26  Drone x2  
  28  2:39  Queen  
  28  2:43  Queen  
  32  2:52  Overlord  
  32  2:54  Drone x2  
  34  3:01  Metabolic Boost  
  34  3:03  Drone  
  34  3:04  Drone  
  36  3:13  Drone x3  
  36  3:14  Drone  
  38  3:28  Drone x5  
  38  3:29  Drone  
  44  3:35  Queen  
  46  3:42  Drone  
  47  3:59  Zergling x2  
  47  4:00  Evolution Chamber, Zergling x6  
  47  4:01  Evolution Chamber, Overlord x2  
  49  4:15  Overlord  
  49  4:23  Zergling x8  
  49  4:24  Zergling x14  
  60  4:30  Zerg Melee Weapons Level 1  
  60  4:32  Zerg Ground Armor Level 1  
  60  4:34  Overlord  
  60  4:47  Drone  
  60  4:48  Drone x5  
  65  4:53  Overlord  
  65  4:57  Drone x2  
  65  5:11  Overlord  
  65  5:12  Overlord x2  
  63  5:14  Drone  
  63  5:15  Drone x5  
  63  5:16  Lair, Spore Crawler  
  63  5:19  Spore Crawler  
  67  5:22  Spore Crawler  
  66  5:33  Drone  
  66  5:34  Drone x2  
  69  5:36  Extractor  
  69  5:37  Drone x2, Extractor x2  
  69  5:39  Hatchery  
  67  5:43  Zergling x2  
  67  5:44  Zergling x6  
  67  5:49  Drone x3  
  74  5:56  Drone  
  74  5:57  Drone x2  
  77  6:07  Drone x5  
  77  6:08  Drone x4  
  85  6:15  Overlord  
  85  6:17  Infestation Pit  
  84  6:18  Extractor  
  84  6:19  Extractor  
  84  6:25  Zergling x2  
  83  6:26  Zergling x6  
  83  6:28  Zerg Melee Weapons Level 2  
  83  6:31  Drone x3  
  88  6:34  Drone  
  88  6:35  Drone  
  87  6:41  Drone x5  
  87  6:44  Zerg Ground Armor Level 2  
  92  6:57  Overlord  
  92  6:58  Drone  
  92  6:59  Drone x6  
  99  7:01  Queen  
  99  7:03  Spore Crawler  
  99  7:06  Hive  
  100  7:19  Pathogen Glands  
  100  7:20  Drone x2  
  100  7:21  Drone x4  
  100  7:22  Drone x3  
  109  7:38  Overlord x2  
  109  7:52  Infestor  
  109  7:55  Overlord x3  
  109  7:57  Infestor x5  
  109  7:58  Extractor  
  119  8:00  Zergling x16  
  119  8:02  Overlord, Extractor  
  119  8:04  Hatchery  
  119  8:05  Overlord x2  
  125  8:13  Overlord  
  125  8:17  Overlord  
  125  8:23  Ultralisk Cavern  
  125  8:24  Lair  
  125  8:25  Zergling x2  
  125  8:26  Zergling x24  
  134  8:31  Adrenal Glands  
  132  8:36  Zergling x2  
  132  8:37  Zergling x6  
  136  8:45  Zergling x2  
  136  8:46  Zergling x4  
  107  9:04  Zergling x26  
  107  9:05  Zergling x4  
  112  9:12  Ultralisk x3  
  128  9:23  Infestor  
  130  9:25  Ultralisk x2  
  130  9:30  Zergling x8  
  146  9:36  Chitinous Plating  
  145  9:39  Infestor  
  145  9:44  Zergling x10  
  152  9:48  Queen x3  
  152  9:50  Queen  
  156  10:16  Hatchery  
  156  10:20  Zergling x2  
  156  10:22  Ultralisk x2  
  156  10:23  Queen  
  156  10:24  Queen x2  
  156  10:25  Queen  
  176  10:37  Infestor x2  
  176  10:38  Infestor x3  
  176  10:40  Overlord x2  
  186  10:43  Spire  
  186  10:46  Zerg Melee Weapons Level 3  
  185  11:07  Ultralisk x2  
  185  11:08  Zergling x2  
  185  11:09  Zergling x4  
  199  11:14  Overlord x3  
  185  11:43  Zergling x2  
  185  11:44  Zergling x32  
  171  12:08  Zergling x24  
  156  12:09  Zergling x16  
  153  12:30  Ultralisk x3  
  153  12:34  Zergling x12  
  151  12:44  Infestor  
  151  12:45  Infestor x3  
  154  12:57  Overseer  
  154  13:00  Infestor x3  
  154  13:01  Infestor x2  
  154  13:05  Hatchery  
  163  13:11  Zerg Ground Armor Level 3  
  163  13:26  Infestor x4  
  169  13:29  Overlord  
  169  13:33  Overseer  
  171  13:34  Overseer  
  159  14:21  Viper x3  
  159  14:22  Viper x2, Spire  
  171  14:26  Drone x4, Extractor  
  171  14:27  Drone x4, Extractor  
  177  14:42  Hatchery  
  176  14:56  Overlord  
  176  14:58  Greater Spire  
  177  15:09  Overseer  
  177  15:13  Spine Crawler  
  177  15:14  Spine Crawler  
  174  15:19  Corruptor x3  
  174  15:20  Corruptor x2  
  179  15:44  Hatchery  
  178  15:51  Corruptor x3  
  171  16:13  Brood Lord x5  
  181  16:30  Drone x3, Extractor  
  189  16:33  Brood Lord x3  
  189  16:34  Corruptor  
  189  16:35  Corruptor  
  189  16:37  Corruptor  
  194  16:56  Zerg Flyer Weapons Level 1  
  197  17:08  Brood Lord x2  
  197  17:09  Brood Lord  
  197  17:21  Hatchery  
  192  17:46  Corruptor x3  
  198  18:00  Hatchery  
  198  18:03  Zergling x6  
Show
View Real Time Build Order
Export as new Build Order

Chris Protoss 

Build Orders: Nexus First, Oracle Opening 

Get SALT Encoding   

  12  0:01  Probe (Chrono Boost)  
  13  0:12  Probe (Chrono Boost)  
  14  0:19  Pylon  
  14  0:22  Probe (Chrono Boost)  
  15  0:37  Probe (Chrono Boost)  
  16  0:47  Probe (Chrono Boost)  
  17  0:58  Nexus  
  17  1:07  Gateway  
  17  1:11  Probe (Chrono Boost)  
  18  1:21  Assimilator  
  18  1:22  Probe (Chrono Boost)  
  19  1:25  Assimilator  
  20  1:32  Probe (Chrono Boost)  
  20  1:37  Pylon  
  20  1:43  Probe (Chrono Boost)  
  21  1:54  Probe (Chrono Boost)  
  22  2:01  Cybernetics Core  
  22  2:04  Probe (Chrono Boost)  
  23  2:11  Probe (Chrono Boost)  
  23  2:15  Probe (Chrono Boost)  
  25  2:21  Probe (Chrono Boost)  
  26  2:25  Probe (Chrono Boost)  
  27  2:31  Probe (Chrono Boost)  
  27  2:32  Pylon  
  27  2:35  Probe (Chrono Boost)  
  29  2:37  Stalker (Chrono Boost)  
  29  2:38  Warp Gate  
  29  2:43  Mothership Core (Chrono Boost)  
  33  2:52  Probe (Chrono Boost)  
  33  2:56  Stargate  
  34  3:01  Probe (Chrono Boost)  
  34  3:02  Gateway  
  34  3:04  Probe (Chrono Boost)  
  36  3:12  Probe (Chrono Boost)  
  37  3:17  Adept  
  37  3:18  Probe (Chrono Boost)  
  40  3:22  Probe (Chrono Boost)  
  40  3:29  Probe (Chrono Boost)  
  40  3:32  Probe (Chrono Boost)  
  42  3:39  Probe (Chrono Boost)  
  42  3:41  Oracle (Chrono Boost)  
  46  3:42  Probe  
  46  3:46  Pylon  
  47  3:49  Forge  
  47  3:51  Probe  
  47  3:53  Probe  
  49  4:01  Nexus  
  49  4:03  Probe  
  49  4:04  Probe  
  49  4:05  Pylon  
  51  4:12  Phoenix (Chrono Boost)  
  51  4:14  Sentry, Probe  
  51  4:15  Probe  
  57  4:23  Assimilator  
  57  4:25  Probe  
  57  4:27  Probe  
  57  4:28  Assimilator  
  59  4:34  Robotics Facility  
  59  4:35  Probe  
  60  4:39  Probe  
  61  4:46  Probe  
  61  4:51  Gateway  
  62  4:55  Gateway  
  62  4:59  Gateway  
  62  5:08  Pylon  
  62  5:09  Pylon  
  62  5:12  Pylon  
  62  5:13  Protoss Ground Weapons Level 1  
  62  5:25  Probe  
  62  5:26  Probe  
  64  5:30  Nexus, Observer (Chrono Boost)  
  64  5:32  Pylon x2  
  64  5:34  Robotics Bay  
  65  5:35  Probe  
  65  5:37  Sentry  
  65  5:38  Probe  
  69  5:46  Probe  
  69  5:48  Twilight Council  
  69  5:49  Observer (Chrono Boost)  
  71  5:51  Probe  
  71  5:53  Photon Cannon  
  71  5:54  Gateway  
  71  5:55  Gateway  
  71  5:56  Probe  
  72  5:58  Pylon  
  72  6:03  Probe  
  74  6:07  Probe  
  75  6:15  Stalker x3, Probe  
  75  6:16  Stalker  
  75  6:18  Probe  
  84  6:22  Disruptor (Chrono Boost)  
  88  6:27  Probe  
  88  6:28  Probe  
  90  6:39  Probe x2  
  91  6:41  Probe  
  91  6:46  Blink (Chrono Boost)  
  93  6:49  Probe  
  93  6:51  Probe x2, Assimilator  
  93  6:53  Adept, Disruptor (Chrono Boost)  
  101  6:55  Assimilator  
  101  6:57  Pylon  
  101  6:58  Zealot  
  101  7:00  Probe  
  103  7:03  Probe  
  105  7:10  Probe  
  106  7:20  Probe  
  106  7:22  Stargate  
  107  7:24  Disruptor (Chrono Boost)  
  107  7:25  Pylon  
  107  7:26  Pylon  
  110  7:31  Fleet Beacon  
  110  7:32  Probe  
  110  7:33  Probe  
  112  7:40  Robotics Facility  
  112  7:41  Protoss Ground Weapons Level 2  
  112  7:43  Adept  
  112  7:44  Adept x4  
  116  7:45  Zealot x2  
  116  7:47  Probe  
  116  7:50  Probe  
  127  7:54  Disruptor (Chrono Boost)  
  127  7:55  Pylon x2  
  127  7:56  Pylon  
  127  7:57  Pylon  
  131  8:07  Stalker  
  131  8:08  Stalker x3  
  131  8:11  Stalker  
  141  8:28  Disruptor  
  141  8:29  Stalker x2  
  148  8:39  Stalker x3  
  154  8:42  Probe, Nexus, Charge (Chrono Boost)  
  154  8:44  Pylon x2  
  155  8:49  Probe  
  155  8:51  Probe  
  139  9:02  Probe  
  139  9:03  Probe  
  139  9:05  Stalker x6  
  139  9:06  Stalker  
  139  9:07  Probe  
  139  9:13  Probe  
  139  9:14  Immortal (Chrono Boost)  
  139  9:15  Immortal (Chrono Boost)  
  139  9:16  Probe  
  145  9:20  Probe  
  145  9:23  Probe  
  146  9:27  Photon Cannon x2  
  147  9:32  Adept  
  147  9:33  Adept x3  
  147  9:36  Probe  
  147  9:37  Probe  
  156  9:41  Zealot x2  
  161  9:48  Probe  
  163  9:52  Probe  
  163  9:57  Immortal (Chrono Boost), Probe  
  163  9:58  Immortal (Chrono Boost)  
  172  10:04  Probe  
  173  10:11  Zealot x5  
  173  10:12  Pylon, Zealot  
  185  10:15  Pylon  
  185  10:17  Templar Archives  
  185  10:19  Probe  
  186  10:22  Protoss Ground Weapons Level 3 (Chrono Boost)  
  186  10:29  Immortal (Chrono Boost)  
  190  10:38  Disruptor (Chrono Boost)  
  190  10:39  Probe  
  190  10:40  Assimilator  
  190  10:41  Resonating Glaives (Chrono Boost)  
  191  10:43  Assimilator  
  191  10:44  Probe  
  191  10:46  Zealot x2  
  199  10:59  Probe  
  198  11:21  Probe  
  198  11:23  Psionic Storm  
  198  11:25  Probe  
  186  11:27  Dark Shrine  
  186  11:30  Gateway  
  186  11:31  Probe  
  187  11:33  Gateway  
  187  11:34  High Templar  
  187  11:35  High Templar x5  
  187  11:37  Gateway  
  187  11:39  Pylon  
  199  11:40  Archon x3  
  199  11:48  Photon Cannon  
  199  11:51  Photon Cannon  
  144  12:07  Zealot x4  
  144  12:08  Zealot x3  
  154  12:09  Probe, Immortal  
  149  12:22  Nexus  
  144  12:25  Disruptor  
  144  12:28  Zealot x4  
  144  12:29  Zealot x3  
  146  12:48  Disruptor, Photon Cannon  
  136  12:56  Disruptor  
  136  12:57  High Templar x3  
  142  12:59  High Templar  
  142  13:02  Photon Cannon  
  142  13:05  Archon, Photon Cannon  
  147  13:06  Archon  
  147  13:13  Probe  
  147  13:18  Zealot x4  
  147  13:19  Zealot x2  
  160  13:24  Disruptor  
  160  13:25  Probe  
  164  13:34  Dark Templar  
  164  13:35  Probe  
  164  13:37  Probe  
  168  13:48  Zealot x5  
  174  13:52  Probe  
  178  14:05  Zealot x3  
  178  14:06  Zealot  
  186  14:11  Probe  
  164  14:19  Immortal  
  164  14:22  Dark Templar x2  
  168  14:28  Dark Templar  
  170  14:48  Nexus  
  170  15:01  Immortal (Chrono Boost)  
  170  15:03  Probe, High Templar x3  
  170  15:06  Probe, Pylon  
  170  15:07  Pylon  
  182  15:10  Zealot x2  
  182  15:12  Zealot  
  187  15:20  Immortal (Chrono Boost)  
  191  15:29  High Templar x4  
  195  15:41  Probe  
  194  15:44  Archon  
  194  15:49  Immortal (Chrono Boost)  
  196  15:51  Zealot  
  192  16:11  Assimilator  
  192  16:16  Probe, Assimilator  
  192  16:17  Immortal (Chrono Boost)  
  197  16:19  Protoss Ground Armor Level 1 (Chrono Boost)  
  197  16:21  High Templar  
  197  16:24  Gateway  
  199  16:38  Probe  
  200  16:55  Observer Gravitic Boosters (Chrono Boost), Observer  
  200  16:57  Observer  
  200  16:58  Nexus  
  200  16:59  Photon Cannon  
  200  17:00  Pylon  
  200  17:01  Pylon, Photon Cannon  
  196  17:03  Photon Cannon  
  196  17:04  Photon Cannon  
  196  17:07  Fleet Beacon  
  180  17:09  Stargate  
  176  17:22  Photon Cannon  
  176  17:25  Photon Cannon  
  176  17:26  Photon Cannon  
  176  17:30  Assimilator  
  164  17:48  Stalker x2, Photon Cannon  
  164  17:49  Stalker x4  
  164  17:50  Stalker x3  
  164  17:51  Stalker, Photon Cannon  
  184  18:03  Stalker  
  186  18:10  Probe  
  185  18:15  Stalker x3  
  185  18:19  Tempest x2 (Chrono Boost)  
Tags
 
Add a new tag
Caveats
  • Supply blocks, unpowered buildings, or Contaminate may cause inaccurate times.
  • Supply counts are checked every 10 seconds.